 Dungeon Crawl Stone Soup version 0.17.1-1-g73c8601 (webtiles) character file.

8972 HughJohnson the Severer (level 11, -23/123 HPs)
             Began as a Minotaur Berserker on Dec 11, 2015.
             Was a High Priest of Trog.
             Killed from afar by Dalarin's ghost (25 damage)
             ... with a spray of energy
             ... on level 11 of the Dungeon.
             The game lasted 00:45:23 (8186 turns).

HughJohnson the Severer (Minotaur Berserker)        Turns: 8186, Time: 00:45:25

Health: -23/123    AC: 25    Str: 31      XL:     11   Next: 16%
Magic:  10/10      EV:  2    Int:  2 (4)  God:    Trog [*****.]
Gold:   596        SH:  0    Dex:  9      Spells: 0 memorised, 10 levels left

rFire  + . .     SeeInvis +     N - +2 war axe (freeze)
rCold  + . .     Clarity  .     (armour currently unavailable)
rNeg   + + +     SustAt   .     (no shield)
rPois  +         Gourm    .     (helmet currently unavailable)
rElec  +         Spirit   .     (cloak currently unavailable)
rCorr  +         Warding  .     (gloves currently unavailable)
rMut   .         NoTele   +     (boots currently unavailable)
MR     +....                    (no amulet)
Stlth  +.........               y - ring of see invisible
                                n - ring of protection from magic

@: confused, mighty, lethally poisoned (-23 -> -25), exhausted, tree-form,
resistant, very slightly contaminated, slowed, drained, invisible, very slow,
somewhat resistant to hostile enchantments, very unstealthy
A: (retaliatory headbutt), (horns 0)
a: Berserk, Trog's Hand, Brothers in Arms, Burn Spellbooks, Renounce Religion


You were on level 11 of the Dungeon.
You worshipped Trog.
Trog was extremely pleased with you.
You were very hungry.
You were a tree.
You visited 2 branches of the dungeon, and saw 12 of its levels.

You collected 596 gold pieces.

Inventory:

Hand Weapons
 N - a +2 war axe of freezing (weapon)
Missiles
 j - 4 poisoned javelins (quivered)
 G - 4 throwing nets
Armour
 s - a +0 cloak (melded)
 P - a cursed +0 pair of boots (melded)
 T - the +8 scale mail of the First Souls (melded) {*Drain rElec Dex+11}
   (You found it on level 8 of the Dungeon)

   It affects your dexterity (+11).
   It insulates you from electricity.
   It causes draining when unequipped.
Jewellery
 i - an uncursed ring of magical power {unknown}
 n - a ring of protection from magic (left branch)
 y - a ring of see invisible (right branch)
 B - an uncursed ring of invisibility
 C - the ring "Byjiux" {*Corrode rPois Int+6 Dex+4}
   (You found it on level 4 of the Dungeon)

   [ring of poison resistance]

   It affects your intelligence (+6).
   It affects your dexterity (+4).
   It protects you from poison.
   It may corrode your equipment when you take damage.
 X - an uncursed amulet of stasis
Wands
 c - a wand of digging (17)
 E - a wand of fire (6)
 I - a wand of flame (18)
 Y - a wand of paralysis (11)
 Z - a wand of magic darts (38)
Scrolls
 b - 3 scrolls of fog {unknown}
 e - 4 scrolls of immolation
 k - 2 scrolls of fear
 l - 6 scrolls of remove curse
 p - a scroll of vulnerability {unknown}
 r - 3 scrolls of enchant weapon {unknown}
 v - 4 scrolls of magic mapping
 w - 11 scrolls of identify
 D - 3 scrolls of recharging {unknown}
 K - 3 scrolls of enchant armour {unknown}
 L - 2 scrolls of summoning {unknown}
 M - 2 scrolls of random uselessness {unknown}
Potions
 d - 3 potions of might
 h - 4 potions of poison
 q - a potion of resistance
 u - a potion of lignification
 W - a potion of invisibility
Comestibles
 a - a meat ration
 f - 4 fruits
 o - 8 beef jerkies


   Skills:
 - Level 3.6(3.2) Fighting
 + Level 18.6(18.0) Axes
 - Level 2.4(2.0) Throwing
 - Level 5.0(4.6) Armour
 - Level 2.1(1.8) Dodging


You had 10 spell levels left.
You didn't know any spells.

Dungeon Overview and Level Annotations

Branches:
Dungeon (11/15)            Temple (1/1) D:7
   Lair: D:8-11         Orc: D:9-12

Altars:
Dithmenos
Elyvilon
Fedhas
Gozag
Nemelex Xobeh
Okawaru
Qazlal
Ru
Sif Muna
Trog
Vehumet
The Shining One

Annotations:
D:11 Dalarin's ghost, journeyman SpEn


Innate Abilities, Weirdness & Mutations

((You reflexively headbutt those who attack you in melee.))
((You have a pair of horns on your head.))


Message History

Drink which item? (? for menu, Esc to quit)
It was a potion of resistance.
You feel protected.
* * * LOW HITPOINT WARNING * * *
You feel sick.
Your ogre hits the troll with a giant spiked club!!
The troll dies!
Trog accepts your kill.
Dalarin's ghost hits you but does no damage. x2
Unknown command.
Unknown command.
Drink which item? (? for menu, Esc to quit)
It was a potion of degeneration.
There was something very wrong with that liquid.
You feel dopey.
* * * LOW HITPOINT WARNING * * *
You feel sick.
Dalarin's ghost points at you and mumbles some strange words.
Helpless, you fail to dodge the spray of energy.
You die...

# .# ########.# #.
#.W♣O....###
##...###.###......#
.!......)%..(..(..#
....................
...Z..............##
##W..###..........#
#... ####....#.##
#.. #........ #.
###..###.


You could see Dalarin's ghost, a centaur skeleton (wandering) and a friendly
ogre (berserk).

Vanquished Creatures
  Harold (D:10)
  The ghost of scienide the Protected, a novice GrFi of Okawaru (D:9)
  Nergalle (D:11)
  An unseen horror (D:9)
  Pikel (D:6)
  A hill giant (D:10)
  Joseph (D:9)
  The ghost of Rationalist the Shield-Bearer, a novice FoFi (D:4)
  A komodo dragon (D:10)
  Grinder (D:3)
  2 trolls
  A deep elf mage (D:10)
  2 hippogriffs
  Menkaure (D:4)
  3 orc warriors
  A wasp (D:10)
  3 ice beasts
  3 ogres
  A sky beast (D:5)
  3 phantoms
  4 centaurs
  A crocodile (D:10)
  3 giant frogs
  4 scorpions
  3 killer bees (D:11)
  6 electric eels (D:10)
  5 crimson imps
  2 centaur zombies
  4 centaur skeletons
  2 giant frog skeletons
  A jelly (D:8)
  2 orc priests
  7 worker ants
  2 orc wizards
  3 iguanas (D:10)
  2 hound skeletons
  A worker ant zombie (D:3)
  A gnoll (D:1)
  9 adders
  4 shadow imps
  3 oozes
  5 adder skeletons
  3 worms
  5 giant geckos
  26 orcs
  6 giant cockroaches
  10 goblins
  12 hobgoblins
  12 jackals
  5 kobolds
  3 quokkas
  6 bats
  A giant gecko skeleton (D:8)
  4 giant newts
  A quokka skeleton (D:3)
  12 rats
210 creatures vanquished.

Vanquished Creatures (collateral kills)
  A hill giant (D:10)
  A troll (D:11)
  An orc wizard (D:10)
  An adder (D:10)
  An orc (D:10)
5 creatures vanquished.

Vanquished Creatures (others)
  A slave (D:6)
  An iguana (D:6)
  3 orcs (D:6)
  A quokka (D:6)
6 creatures vanquished.

Grand Total: 221 creatures vanquished

Notes
Turn   | Place    | Note
--------------------------------------------------------------
     0 | D:1      | HughJohnson the Minotaur Berserker began the quest for the Orb.
     0 | D:1      | Reached XP level 1. HP: 19/19 MP: 0/0
    49 | D:1      | Reached skill level 4 in Axes
    99 | D:1      | Reached XP level 2. HP: 17/26 MP: 1/1
   413 | D:1      | Reached ** piety under Trog
   446 | D:1      | Reached skill level 5 in Axes
   534 | D:1      | Reached XP level 3. HP: 23/31 MP: 2/2
   904 | D:2      | Found a glowing golden altar of the Shining One.
   911 | D:2      | Reached XP level 4. HP: 39/39 MP: 3/3
   960 | D:2      | Reached skill level 6 in Axes
  1070 | D:2      | Reached *** piety under Trog
  1175 | D:3      | Found a blossoming altar of Fedhas.
  1300 | D:3      | Noticed Grinder
  1308 | D:3      | Killed Grinder
  1308 | D:3      | Reached skill level 8 in Axes
  1308 | D:3      | Reached XP level 5. HP: 45/45 MP: 4/4
  1308 | D:3      | Reached XP level 6. HP: 51/51 MP: 5/5
  1618 | D:3      | Found a sacrificial altar of Ru.
  1645 | D:3      | Reached skill level 9 in Axes
  2000 | D:4      | Noticed Rationalist's ghost (novice FoFi)
  2039 | D:4      | HP: 2/51 [giant frog skeleton (1)]
  2508 | D:4      | Found a sparkling altar of Nemelex Xobeh.
  2578 | D:4      | Found an opulent altar of Gozag.
  2605 | D:4      | Found a shadowy altar of Dithmenos.
  2749 | D:4      | Got a clouded lead ring
  2754 | D:4      | Identified the ring "Byjiux" {*Corrode rPois Int+6 Dex+4} (You found it on level 4 of the Dungeon)
  2771 | D:4      | Reached **** piety under Trog
  2771 | D:4      | Reached XP level 7. HP: 55/57 MP: 6/6
  2785 | D:4      | Noticed Menkaure
  2793 | D:4      | Killed Menkaure
  2921 | D:4      | Reached skill level 10 in Axes
  2999 | D:4      | Killed Rationalist's ghost
  2999 | D:4      | Reached skill level 1 in Throwing
  3068 | D:4      | Reached XP level 8. HP: 41/64 MP: 7/7
  3286 | D:5      | Entered Level 5 of the Dungeon
  3850 | D:5      | Found a deep blue altar of Sif Muna.
  3861 | D:5      | Reached skill level 11 in Axes
  3861 | D:5      | Reached skill level 5 in Armour
  3937 | D:5      | Found a stormy altar of Qazlal.
  4318 | D:6      | Found a white marble altar of Elyvilon.
  4318 | D:6      | Noticed Pikel
  4321 | D:6      | Killed Pikel
  4321 | D:6      | Reached skill level 12 in Axes
  4422 | D:6      | Found a radiant altar of Vehumet.
  4430 | D:6      | Reached skill level 13 in Axes
  4430 | D:6      | Reached XP level 9. HP: 70/70 MP: 8/8
  5005 | D:7      | Found a staircase to the Ecumenical Temple.
  5080 | D:7      | Reached skill level 14 in Axes
  5192 | D:7      | Found an iron altar of Okawaru.
  6162 | D:8      | Got a jewelled scale mail
  6289 | D:8      | Reached skill level 15 in Axes
  6397 | D:9      | Identified the +8 scale mail of the First Souls {*Drain rElec Dex+11} (You found it on level 8 of the Dungeon)
  6662 | D:9      | Found a stormy altar of Qazlal.
  6662 | D:9      | Found a bloodstained altar of Trog.
  6671 | D:9      | Noticed scienide's ghost (novice GrFi)
  6679 | D:9      | Killed scienide's ghost
  6679 | D:9      | Reached XP level 10. HP: 77/77 MP: 9/9
  6761 | D:9      | Noticed Joseph
  6767 | D:9      | Killed Joseph
  6767 | D:9      | Reached skill level 16 in Axes
  6817 | D:9      | Noticed an unseen horror
  6937 | D:9      | Killed an unseen horror
  7044 | D:10     | Entered Level 10 of the Dungeon
  7047 | D:10     | Reached ***** piety under Trog
  7177 | D:10     | Noticed a hill giant
  7184 | D:10     | Killed a hill giant
  7189 | D:10     | Reached skill level 17 in Axes
  7378 | D:10     | Noticed a hill giant
  7385 | D:10     | Killed a hill giant
  7504 | D:10     | Noticed Harold
  7513 | D:10     | Killed Harold
  7534 | D:10     | Reached skill level 18 in Axes
  7607 | Temple   | Entered the Ecumenical Temple
  7994 | D:10     | Reached XP level 11. HP: 73/82 MP: 10/10
  8143 | D:11     | Noticed Nergalle
  8159 | D:11     | Killed Nergalle
  8169 | D:11     | Noticed Dalarin's ghost (journeyman SpEn)
  8184 | D:11     | HP: 3/123 [Dalarin's ghost/spray of energy (17)]
  8186 | D:11     | Killed from afar by Dalarin's ghost

Action                   |  1- 3 |  4- 6 |  7- 9 | 10-12 || total
-------------------------+-------+-------+-------+-------++-------
Melee: Hand axe          |    76 |   147 |       |       ||   223
       War axe           |       |    11 |   191 |    94 ||   296
Throw: Javelin           |       |       |       |     1 ||     1
Invok: Berserk           |     3 |     2 |    11 |     6 ||    22
       Trog's Hand       |       |     1 |       |       ||     1
       Brothers in Arms  |       |       |       |     2 ||     2
  Use: Scroll            |       |       |     2 |     3 ||     5
       Potion            |       |       |       |     9 ||     9
  Eat: Chunk             |     2 |     9 |    19 |    10 ||    40
       Fruit             |       |       |     3 |     1 ||     4
       Beef jerky        |       |       |     1 |       ||     1
